 Dungeon Crawl Stone Soup version 0.18.1-8-gdd0e5ea (webtiles) character file.

75 Quirk the Shield-Bearer (level 4, -21/40 HPs)
             Began as a Minotaur Fighter on June 12, 2016.
             Engulfed by a cloud of flame (26 damage)
             ... on level 2 of the Dungeon.
             The game lasted 00:04:02 (1314 turns).

Quirk the Shield-Bearer (Minotaur Fighter)          Turns: 1314, Time: 00:04:04

Health: -21/40     AC:  8    Str: 21    XL:     4   Next: 11%
Magic:  3/3        EV:  8    Int:  5    God:
Gold:   28         SH: 10    Dex: 10    Spells: 0 memorised, 3 levels left

rFire  . . .     SeeInvis .     a - +1 war axe
rCold  . . .     Gourm    .     b - +0 scale mail
rNeg   . . .     Faith    .     c - +1 shield
rPois  .         Spirit   .     (helmet restricted)
rElec  .         Dismiss  .     (no cloak)
rCorr  .         Reflect  .     (no gloves)
SustAt .         Harm     .     g - +0 pair of boots
MR     .....     Rnd*Tele +     (no amulet)
Stlth  ..........               s - ring of teleportation (curse)
                                o - ring of wizardry

@: not resistant to hostile enchantments, extremely unstealthy
A: retaliatory headbutt, horns 2
a: no special abilities


You were on level 2 of the Dungeon.
You were not hungry.

You visited 1 branch of the dungeon, and saw 2 of its levels.

You collected 28 gold pieces.

Inventory:

Hand Weapons
 a - a +1 war axe (weapon)
Armour
 b - a +0 scale mail (worn)
 c - a +1 shield (worn)
 g - a +0 pair of boots (worn)
Jewellery
 o - a ring of wizardry (left hand)
 s - a cursed ring of teleportation (right hand)
Wands
 q - a wand of acid (6/15)
Scrolls
 e - a scroll of immolation
Potions
 d - 4 potions of might
 h - a potion of brilliance {unknown}
 i - 2 potions of flight
Comestibles
 f - 2 bread rations
 j - a meat ration
 m - 2 chunks of flesh
 r - 3 fruits


   Skills:
 + Level 4.1 Fighting
 + Level 3.2 Axes
 + Level 4.2 Armour
 + Level 1.4 Dodging
 + Level 4.3 Shields


You had 3 spell levels left.
You didn't know any spells.

Dungeon Overview and Level Annotations

Branches:
Dungeon (2/15)

Altars:


Innate Abilities, Weirdness & Mutations

You reflexively headbutt those who attack you in melee.
You have a pair of horns on your head.


Message History

A kobold comes into view.
The kobold shouts!
Eat which item? (? for menu, Esc to quit)
Okay, then.
Read which item? (? for menu, Esc to quit)
As you read the scroll labeled LECAZA UDENE, it crumbles to dust.
The creatures around you are filled with an inner flame!
It was a scroll of immolation.
You block the kobold's attack.
You barely miss the kobold.
You headbutt the kobold, but do no damage.
The kobold hits you but does no damage.
You hit the kobold.
The kobold explodes!
The fiery explosion engulfs you!
Ouch! That really hurt!
* * * LOW HITPOINT WARNING * * *
You are engulfed in roaring flames.
Ouch! That really hurt!
You die...

**############***##
.##..........,,,,.#
#...........####*.#
.##............##§###
.#..........##..@§§)#
............##.##.#.#
...#.....##.......#,*
..#_#...######....#,*
÷.)#...##### #.##.#,*
.†.........# #.#*.#,*
##.........# #..,..,*
#.........# ###*.##*
###.......# *,,,,,,*


There were no monsters in sight!

Vanquished Creatures
  2 adders (D:2)
  3 giant geckos
  4 bats
  A giant cockroach (D:2)
  8 goblins
  7 hobgoblins
  4 jackals (D:1)
  A quokka (D:2)
  A ball python (D:1)
  5 giant newts
  4 kobolds
  10 rats
50 creatures vanquished.

Notes
Turn   | Place    | Note
--------------------------------------------------------------
     0 | D:1      | Quirk the Minotaur Fighter began the quest for the Orb.
     0 | D:1      | Reached XP level 1. HP: 19/19 MP: 0/0
   139 | D:1      | Reached XP level 2. HP: 23/27 MP: 1/1
   383 | D:1      | Reached XP level 3. HP: 33/33 MP: 2/2
   838 | D:2      | Reached skill level 1 in Dodging
  1247 | D:2      | Reached XP level 4. HP: 40/40 MP: 3/3
  1258 | D:2      | Found a faded altar to an unknown god.
  1314 | D:2      | Engulfed by a cloud of flame

Skill      XL: |  1  2  3 |
---------------+----------+-----
Axes           | 3 |  3.2
Shields        | 4 |  4.3
Dodging        | 1 |  1.4
Armour         | 4 |  4.2
Fighting       | 4 |  4.1

Action                   |  1- 3 |  4- 6 || total
-------------------------+-------+-------++-------
Melee: War axe           |   112 |    26 ||   138
       Headbutt          |    15 |     3 ||    18
  Use: Scroll            |     5 |     1 ||     6
  Eat: Chunk             |     1 |     1 ||     2
Armor: Scale mail        |    68 |    10 ||    78
Dodge: Dodged            |    36 |     7 ||    43
Block: Shield            |    61 |    11 ||    72
